 Dungeon Crawl Stone Soup version 0.14-a0-2100-g3cf34dd (webtiles) character file.

139 Jenx the Vexing (level 3, 0/24 HPs)
             Began as a Vampire Enchanter on Jan 26, 2014.
             Slain by a quokka (2 damage)
             ... on Level 2 of the Dungeon.
             The game lasted 00:08:43 (2699 turns).

Jenx the Vexing (Vampire Enchanter)                 Turns: 2699, Time: 00:08:44

HP   0/24        AC  4     Str  7      XL: 3   Next: 67%
MP   6/6         EV 10     Int 18      God:
Gold 84          SH  0     Dex 14      Spells:  3 memorised,  0 levels left

rFire  . . .     SeeInvis +     a - +2,+0 elf short sword
rCold  + + .     Clarity  .     i - +1 leather armour
rNeg   + + +     Conserve .     (no shield)
rPois  +         rCorr    .     (no helmet)
rElec  .         rRot     +     (no cloak)
SustAb . .       Spirit   .     (no gloves)
rMut   .         Warding  .     (no boots)
Saprov . . .     Stasis   .     (no amulet)
MR     .....                    (no ring)
                                (no ring)

@: non-regenerating, not resistant to hostile enchantments, stealthy
A: fangs 3, see invisible, unbreathing
a: Bat Form


You were on level 2 of the Dungeon.
You were bloodless.

You visited 1 branch of the dungeon, and saw 2 of its levels.

You collected 84 gold pieces.

Inventory:

Hand weapons
 a - a +2,+0 elven short sword (weapon)
 b - a +4 elven blowgun
 j - a +1,+1 dagger
Missiles
 d - 12 darts (quivered)
 p - 5 curare-tipped needles
Armour
 i - a +1 leather armour (worn)
 q - a +1 robe
Scrolls
 g - a scroll of random uselessness {unknown}
 h - 2 scrolls of teleportation {unknown}
 k - a scroll of enchant armour {unknown}
 l - 3 scrolls of identify {unknown}
 m - a scroll of noise {unknown}
Jewellery
 f - an uncursed ring of protection from magic {unknown}
 o - an uncursed amulet of resist mutation {unknown}
Potions
 n - 3 potions of curing {unknown}
Books
 c - a book of Maledictions

   Spells                             Type                      Level
   *Corona                            Hexes                        1
   Sure Blade                         Hexes/Charms                 2
   *Ensorcelled Hibernation           Hexes/Ice                    2
   *Confuse                           Hexes                        3
   Enslavement                        Hexes                        4
   Invisibility                       Hexes                        6


   Skills:
 - Level 2.0 Short Blades
 - Level 0.7 Throwing
 - Level 2.1 Dodging
 - Level 3.0 Stealth
 - Level 2.0 Spellcasting
 + Level 5.1 Hexes
 * Level 2.4 Ice Magic


You couldn't memorise any spells.
You knew the following spells:

 Your Spells              Type           Power        Failure   Level  Hunger
a - Ensorcelled Hibernat  Hex/Ice        ###...       8%          2    ##.....
b - Confuse               Hex            ###.....     10%         3    ####...
o - Corona                Hex            ###....      1%          1    #......


Dungeon Overview and Level Annotations

Branches:
Dungeon (2/16)

Altars:


Innate Abilities, Weirdness & Mutations

You do not heal naturally.
You have razor-sharp teeth.*
You have supernaturally acute eyesight.
You can survive without breathing.*


Message History

You see here a stone.
A quokka comes into view.
You now have 84 gold pieces (gained 10).
You barely miss the quokka.
The quokka bites you but does no damage.
You hit the quokka but do no damage. The quokka bites you.
* * * LOW HITPOINT WARNING * * *
You barely miss the quokka. The quokka barely misses you.
You hit the quokka but do no damage. The quokka bites you.
* * * LOW HITPOINT WARNING * * *
You closely miss the quokka.
The quokka bites you but does no damage.
You barely miss the quokka. Your bite misses the quokka.
The quokka bites you but does no damage.
You closely miss the quokka. The quokka bites you.
* * * LOW HITPOINT WARNING * * *
You hit the quokka.
The quokka is heavily wounded.
The quokka bites you.
You die...

...............#.#
.#....#####.#..#.#
......####.....#.#
...............#.#
....##.).#.....#.#
.........#.....#.####
.........#.....#....#
..#.(..#.......#.r..#
...(............@...#
..(............###...#
.....######....# ..#
.......................
#......#####...######...
###.....####...# .
................
.................
..#.############.


You could see a quokka.

Vanquished Creatures
  A giant mite (D:2)
  An ooze (D:2)
  5 bats
  A giant cockroach (D:1)
  11 goblins
  3 hobgoblins (D:1)
  13 jackals
  5 kobolds
  A giant newt (D:2)
  7 rats
48 creatures vanquished.

Notes
Turn   | Place    | Note
--------------------------------------------------------------
     0 | D:1      | Jenx, the Vampire Enchanter, began the quest for the Orb.
     0 | D:1      | Reached XP level 1. HP: 13/13 MP: 3/3
   571 | D:1      | Reached XP level 2. HP: 13/19 MP: 4/4
   580 | D:1      | Learned a level 2 spell: Ensorcelled Hibernation
   783 | D:1      | Reached skill level 1 in Ice Magic
  1538 | D:1      | Reached XP level 3. HP: 24/24 MP: 6/6
  1543 | D:1      | Learned a level 3 spell: Confuse
  2214 | D:2      | Reached skill level 5 in Hexes
  2699 | D:2      | Slain by a quokka

Action                   || total
-------------------------++-------
Melee: Dagger            ||   111
       Short sword       ||    74
 Cast: Ensorcelled Hiber ||    10
       Confuse           ||     1
 Stab: Sleeping          ||    11
